AoeStats
← kimboy9420

Arena

509875387Analyzed
2v2 RM · 3d ago on Sep 28, 2026· 49m 24s· 4 players
Game mode
Random Map
Map size
Medium (4 player)
Population
200
Speed
Normal
Resources
Standard
Victory
Conquest
Starting age
Dark Age
Ending age
Imperial Age
RankedLock teamsTeams togetherTeam positionsShared explorationLock speedFull tech treeHidden civsTurbo modeCheats
Victory
Defeat
🇦🇺 Vikings · Australia
1015
+14
🇺🇸 Chinese · United States
1004
+15
🇹🇼 Wei · Taiwan
1009
-16
🇹🇼 Britons · Taiwan
939
-33
BlueWolf
7:52 Loom
12:08 Feudal Age
16:42 Castle Age
14:55 Double-Bit Axe
16:13 Fletching
16:08 Horse Collar
19:05 Bodkin Arrow
20:04 Bow Saw
26:05 Tuntian
26:42 Padded Archer Armor
27:46 Wheelbarrow
26:57 Town Watch
28:06 Gold Mining
28:57 Thumb Ring
33:11 Imperial Age
31:22 Elite Skirmisher
33:31 Hand Cart
33:18 Town Patrol
34:38 Ming Guang Armor
34:34 Conscription
36:28 Forging
36:24 Scale Barding Armor
36:20 Bracer
36:45 Murder Holes
40:45 Heavy Hei Guang Cavalry
43:38 Husbandry
43:49 Bloodlines
kimboy9420
10:34 Feudal Age
8:52 Loom
10:55 Horse Collar
11:24 Double-Bit Axe
20:38 Castle Age
19:29 Gold Mining
22:49 Fervor
26:00 Fletching
26:11 Padded Archer Armor
28:06 Leather Archer Armor
30:27 Town Watch
34:20 Bodkin Arrow
34:31 Scale Barding Armor
35:00 Light Cavalry
39:58 Ballistics
41:10 Scale Mail Armor
41:31 Chain Barding Armor
41:21 Forging
42:13 Wheelbarrow
42:33 Pikeman
44:17 Chain Mail Armor
44:37 Iron Casting
vladtheimpalerofyourmom
10:30 Feudal Age
15:04 Castle Age
13:13 Horse Collar
15:34 Double-Bit Axe
16:42 Bow Saw
17:20 Heavy Plow
19:23 Gold Mining
21:00 Gold Shaft Mining
26:07 Scale Mail Armor
26:17 Forging
27:19 Chain Mail Armor
27:08 Chieftains
28:44 Iron Casting
33:44 Imperial Age
31:24 Arson
33:29 Squires
35:35 Two-Man Saw
35:08 Crop Rotation
34:04 Capped Ram
35:35 Plate Mail Armor
36:06 Blast Furnace
36:09 Conscription
36:06 Elite Berserk
38:02 Siege Ram
47:00 Fletching
47:37 Sappers
48:42 Hoardings
Nosjir
0:38 Loom
11:33 Feudal Age
13:26 Double-Bit Axe
13:55 Town Watch
16:32 Castle Age
17:53 Horse Collar
18:31 Bow Saw
20:35 Heavy Plow
27:47 Wheelbarrow
30:00 Imperial Age
31:21 Capped Ram
32:24 Elite Fire Lancer
33:18 Forging
33:08 Scale Mail Armor
33:15 Stone Mining
33:17 Gold Mining
34:34 Hand Cart
35:17 Town Patrol
34:52 Siege Ram
41:22 Fletching
41:32 Padded Archer Armor
42:08 Iron Casting
41:48 Chain Mail Armor
40:58 Elite Skirmisher
41:44 Thumb Ring
42:13 Ballistics
43:19 Conscription
44:20 Bodkin Arrow
44:40 Leather Archer Armor
Connection lost

Rejoining the realm…

Still unreachable

The connection could not be restored.

Session expired

The server has moved on; the page needs a fresh start.